 Dungeon Crawl Stone Soup version 0.28-a0-862-g58c29a6370 (webtiles) character file.

Game seed: 8783207187089139353

1468 AvatarAndi78 the Chopper (level 8, -2/105 HPs)
             Began as a Minotaur Berserker on Nov 16, 2021.
             Was a Priest of Trog.
             Slain by an orc warrior (5 damage)
             ... on level 6 of the Dungeon.
             The game lasted 00:15:12 (5925 turns).

AvatarAndi78 the Chopper (Minotaur Berserker)       Turns: 5925, Time: 00:15:12

Health: -2/105     AC: 13    Str: 23    XL:     8   Next: 48%
Magic:  7/7        EV:  9    Int:  4    God:    Trog [***...]
Gold:   109        SH:  5    Dex: 13    Spells: 7/7 levels left

rFire   . . .      SeeInvis .   s - +4 quarterstaff of Tartarus {holy, rElec rC+ Dex+2 Stlth+}
rCold   + + .      Faith    .   (shield currently unavailable)
rNeg    . . .      Spirit   .   h - +1 chain mail
rPois   .          Reflect  +   (helmet restricted)
rElec   +          Harm     .   m - +0 cloak
rCorr   .          Rampage  .   (no gloves)
Will    ++...                   k - +0 pair of boots
Stlth   ..........              g - amulet of reflection
HPRegen 1.27/turn               r - ring of protection from cold
MPRegen 0.10/turn               (no ring)

@: berserking, strong-willed, regenerating, very quick
A: horns 2, retaliatory headbutt
a: Renounce Religion, Berserk, Trog's Hand


You were on level 6 of the Dungeon.
You worshipped Trog.
Trog was most pleased with you.
You visited 1 branch of the dungeon, and saw 6 of its levels.
You also visited: Sewer.

You collected 297 gold pieces.
You spent 188 gold pieces at shops.

Inventory:

Hand Weapons
 a - a +1 hand axe
 l - a +1 long sword of holy wrath
 q - a +1 whip of distortion
 s - the +4 quarterstaff of Tartarus (weapon) {holy, rElec rC+ Dex+2 Stlth+}
   (You found it on level 6 of the Dungeon)

   It has been blessed by the Shining One to cause great damage to the undead
   and demons.
   Dex:       It affects your dexterity (+2).
   rC:        It protects you from cold.
   rElec:     It insulates you from electricity.
   Stlth:     It makes you more stealthy.
Armour
 e - a +0 buckler
 h - a +1 chain mail (worn)
 k - a +0 pair of boots (worn)
 m - a +0 cloak (worn)
Jewellery
 g - an amulet of reflection (around neck)
 r - a ring of protection from cold (left hand)
Scrolls
 b - 8 scrolls of teleportation
 c - 4 scrolls of fog
 f - 3 scrolls of enchant weapon
 i - 2 scrolls of enchant armour
Potions
 d - 3 potions of haste
 j - 3 potions of flight
 o - a potion of curing


   Skills:
 + Level 6.2 Fighting
 + Level 2.2 Long Blades
 + Level 7.8 Axes
 + Level 3.1 Staves
 + Level 6.4 Armour
 + Level 3.6 Dodging
 + Level 0.3 Stealth
 + Level 4.0 Shields


You had 7 spell levels left.
You didn't know any spells.
Your spell library was empty.

Dungeon Overview and Level Annotations

Branches:
Dungeon (6/15)              Sewer (visited)
 Temple: D:4-7

Altars:
Elyvilon
Fedhas
Makhleb
Nemelex Xobeh
Qazlal
Ru

Shops:
D:4 *


Innate Abilities, Weirdness & Mutations

You have a pair of horns on your head.
You reflexively headbutt those who attack you in melee.


Message History

a +1 dagger of freezing; a +0 robe; an orc corpse The orc warrior hits you from afar with a +0 trident.
You bump into the rock wall.
The orc wizard hits you with a +0 dagger.
The orc warrior barely misses you. The orc wizard closely misses you.
The orc warrior hits you with a +0 trident!
* * * LOW HITPOINT WARNING * * *
You sock the orc wizard! Your headbutt misses the orc wizard.
The orc wizard is almost dead.
You feel less confused.
The orc wizard gestures at you while chanting.
The magic dart hits you.
* * * LOW HITPOINT WARNING * * *
The orc warrior hits you with a +0 trident.
* * * LOW HITPOINT WARNING * * *
Okay, then.
Your skin crawls.
You feel strong-willed.
The orc wizard hits you but does no damage.
The orc warrior completely misses you.
A red film seems to cover your vision as you go berserk!
You feel yourself moving faster!
You feel mighty! The orc wizard barely misses you.
The orc warrior hits you with a +0 trident.
* * * LOW HITPOINT WARNING * * *
You hit the orc warrior. Your headbutt misses the orc warrior.
The orc warrior is lightly wounded.
You block the orc wizard's attack.
The orc warrior hits you with a +0 trident!
* * * LOW HITPOINT WARNING * * *
You sock the orc warrior!
The orc warrior is heavily wounded.
The orc wizard closely misses you. You furiously retaliate!
You headbutt the orc wizard!!
You kill the orc wizard!
Trog accepts your kill.
Trog appreciates your killing of a magic user.
The orc warrior hits you with a +0 trident.
You die...

.. ...#.# .. ..#.. ..
..... .. .. ...# ... #
.. ####..# .. .# ..
#.....##.#..# ..
##...#..#.#..## ##
##....@......... #.
#...)o))........ ##
##...#.......... #.
#######......# ..
#.#......# ..
##...._...## ..
######## #...#........
#.
#.))...####....#.#....
#.
#'#####.###.).........
..


You could see an orc warrior.

Vanquished Creatures
  A water moccasin (D:6)
  A black bear (D:6)
  2 ogres
  A centaur (D:5)
  4 kobold brigands (D:6)
  2 scorpions
  A gnoll shaman (D:6)
  3 hounds
  2 jellies
  3 bullfrog skeletons
  Terence (D:3)
  2 iguanas (D:5)
  4 orc wizards
  4 gnolls (D:6)
  8 adders
  An ufetubus (D:2)
  4 worms (Sewer)
  6 orcs
  17 bats
  14 endoplasms
  6 giant cockroaches
  7 goblins
  3 hobgoblins
  5 jackals
  2 quokkas
  12 ball pythons
  4 frilled lizards
  23 kobolds
  7 rats
150 creatures vanquished.

Notes
Turn   | Place    | Note
-------+----------+-------------------------------------------
     0 | D:1      | AvatarAndi78 the Minotaur Berserker began the quest for the
                  | Orb.
     0 | D:1      | Reached XP level 1. HP: 19/19 MP: 0/0
    38 | D:1      | Found a faded altar of an unknown god.
    78 | D:1      | Reached skill level 4 in Axes
    78 | D:1      | Reached XP level 2. HP: 26/27 MP: 1/1
   767 | D:1      | Reached XP level 3. HP: 32/33 MP: 2/2
  1099 | D:2      | Found a stormy altar of Qazlal.
  1204 | D:2      | Reached ** piety under Trog
  1636 | D:2      | Reached XP level 4. HP: 41/41 MP: 3/3
  1747 | D:3      | Noticed Terence
  1755 | D:3      | Killed Terence
  1756 | D:3      | Reached skill level 5 in Axes
  2732 | D:4      | Reached skill level 1 in Shields
  2732 | D:4      | Reached XP level 5. HP: 47/47 MP: 4/4
  3278 | D:4      | Found a glowing drain.
  3296 | Sewer    | Entered a sewer
  3707 | Sewer    | Reached *** piety under Trog
  3760 | Sewer    | Reached XP level 6. HP: 50/53 MP: 5/5
  3933 | D:4      | Reached skill level 6 in Axes
  4017 | D:4      | Found Voyps's Assorted Antiques.
  4027 | D:4      | Bought a runed long sword for 188 gold pieces
  4190 | D:5      | Entered Level 5 of the Dungeon
  4284 | D:5      | Reached skill level 7 in Axes
  4284 | D:5      | Reached XP level 7. HP: 17/60 MP: 6/6
  4529 | D:5      | Reached skill level 5 in Fighting
  5048 | D:6      | Reached skill level 1 in Long Blades
  5092 | D:6      | Reached skill level 5 in Armour
  5293 | D:6      | Found a burning altar of Makhleb.
  5293 | D:6      | Found a blossoming altar of Fedhas.
  5293 | D:6      | Found a sacrificial altar of Ru.
  5314 | D:6      | Identified the +4 quarterstaff of Tartarus {holy, rElec rC+
                  | Dex+2 Stlth+}
  5522 | D:6      | Found a sparkling altar of Nemelex Xobeh.
  5534 | D:6      | Reached XP level 8. HP: 54/69 MP: 7/7
  5538 | D:6      | Reached skill level 1 in Staves
  5799 | D:6      | Found a white marble altar of Elyvilon.
  5924 | D:6      | HP: 2/105 [orc warrior (11)]
  5925 | D:6      | Slain by an orc warrior

Illustrated notes

Levels and vault maps discovered:
D:1:      elethiomel_arrival_shortcut, layout_basic,
          nicolae_ecumenical_lake_church, grunt_decor_arrowhead, minmay_vboxes
D:2:      layout_rooms, basic_altar, nicolae_elevator_lobby_plus
D:3:      layout_loops_corners, uniq_terence
D:4:      layout_basic, serial_shops, nicolae_shop_overgrown_old_shop,
          portal_sewer_entry_d
D:5:      layout_cave_pools, bh_walls_and_bars
D:6:      layout_cave_pools, gammafunk_temple_overflow_claw, st_stairs_7,
          hangedman_feature_mirror, roderic_serpentine_path

Skill      XL: |  1  2  3  4  5  6  7  8 |
---------------+-------------------------+-----
Axes           | 4 5 7 |  7.8
Fighting       | 4 5 6 |  6.2
Armour         | 3 4 5 6 |  6.4
Shields        | 1 2 3 4 |  4.0
Dodging        | 3 |  3.6
Long Blades    | 1 2 |  2.2
Staves         | 3 |  3.1
Stealth        | |  0.3

Action                   |  1- 3 |  4- 6 |  7- 9 || total
-------------------------+-------+-------+-------++-------
Melee: Hand axe          |    77 |   139 |     9 ||   225
       Headbutt          |    18 |    21 |    23 ||    62
       Long sword        |       |    11 |    40 ||    51
       Quarterstaff      |       |       |    79 ||    79
Invok: Berserk           |       |     2 |     1 ||     3
       Trog's Hand       |       |     2 |     5 ||     7
  Use: Scroll            |       |     5 |     3 ||     8
       Potion            |       |     4 |       ||     4
Armor: Animal skin       |     8 |       |       ||     8
       Scale mail        |     9 |       |       ||     9
       Chain mail        |    15 |    88 |    81 ||   184
Dodge: Dodged            |    34 |    48 |    52 ||   134
Block: Other             |    16 |    20 |    30 ||    66
       Reflection        |       |     2 |     5 ||     7
       Buckler           |       |    43 |    20 ||    63

Table legend: (Time is in decaauts)
 A = Elapsed time spent in this place.
 B = Non-inter-level travel time spent in this place.
 C = Inter-level travel time spent in this place.
 D = Time resting spent in this place.
 E = Time spent auto-exploring this place.
 F = Levels seen in this place.
 G = Mean time per level.
                   A        B        C        D        E       F      G
               +--------+--------+--------+--------+--------+-----+--------+
         Total |   6117 |   6012 |    105 |      0 |   4836 |   7 |  873.9 |
       Dungeon |   5397 |   5292 |    105 |      0 |   4481 |   6 |  899.5 |
         Sewer |    720 |    720 |      0 |      0 |    355 |   1 |  720.0 |
               +--------+--------+--------+--------+--------+-----+--------+

Top non-repeatable levels by time:
     D:1: 1050 daAuts
     D:4: 929 daAuts
     D:6: 907 daAuts
     D:3: 895 daAuts
     D:5: 863 daAuts
     D:2: 750 daAuts
   Sewer: 720 daAuts
